 Dungeon Crawl Stone Soup version 0.23.2-30-g0e89c35649 (webtiles) character file.

Game seed: 9288564975526391729

125 Mrkan the Skirmisher (level 5, -13/57 HPs)
             Began as an Ogre Fighter on June 24, 2019.
             Killed by nerve-wracking pain
             ... invoked by Grinder
              (14 damage)
             ... on level 3 of the Dungeon.
             The game lasted 00:03:43 (2101 turns).

Mrkan the Skirmisher (Ogre Fighter)                 Turns: 2101, Time: 00:03:43

Health: -13/57     AC:  3    Str: 25    XL:     5   Next: 9%
Magic:  5/5        EV:  8    Int:  9    God:
Gold:   157        SH:  8    Dex:  9    Spells: 4/4 levels left

rFire    . . .     SeeInvis .   a - +0 flail
rCold    . . .     Gourm    .   c - +0 shield
rNeg     . . .     Faith    .   b - +0 robe
rPois    .         Spirit   .   (helmet restricted)
rElec    .         Reflect  .   (no cloak)
rCorr    .         Harm     .   (gloves unavailable)
MR       .....                  (boots unavailable)
Stlth    +.........             (no amulet)
HPRegen  0.19/turn              (no ring)
MPRegen  0.09/turn              (no ring)

@: mighty
A: large, unfitting armour, tough skin 1
a: no special abilities


You were on level 3 of the Dungeon.
You were not hungry.

You visited 1 branch of the dungeon, and saw 3 of its levels.

You collected 157 gold pieces.

Inventory:

Hand Weapons
 a - a +0 flail (weapon)
 m - a +0 mace of draining
Armour
 b - a +0 robe (worn)
 c - a +0 shield (worn)
Jewellery
 s - a +2 ring of intelligence {unknown}
Scrolls
 e - a scroll of remove curse {unknown}
 g - a scroll of magic mapping {unknown}
 i - 2 scrolls of teleportation {unknown}
 q - 2 scrolls of identify {unknown}
 r - a scroll of amnesia {unknown}
Potions
 h - a potion of lignification {unknown}
 j - a potion of degeneration {unknown}
 k - a potion of brilliance {unknown}
 l - 2 potions of heal wounds {unknown}
 n - a potion of mutation {unknown}
 o - a potion of invisibility {unknown}
 t - a potion of curing {unknown}
Comestibles
 f - 7 rations


   Skills:
 + Level 5.3 Fighting
 * Level 4.0 Maces & Flails
 - Level 2.6 Dodging
 - Level 2.6 Shields


You had 4 spell levels left.
You didn't know any spells.
Your spell library was empty.

Dungeon Overview and Level Annotations

Branches:
Dungeon (3/15)

Altars:
Dithmenos
Gozag

Annotations:
D:3 Grinder


Innate Abilities, Weirdness & Mutations

You are too large for most types of armour.
You have tough skin. (AC +1)


Message History

Grinder blinks!
You closely miss Grinder.
Grinder is severely wounded.
Grinder gestures at you. You resist with significant effort.
You barely miss Grinder.
Grinder is severely wounded.
Grinder hits you.
* * * LOW HITPOINT WARNING * * *
You writhe in agony.
* * * LOW HITPOINT WARNING * * *
You closely miss Grinder.
Grinder is severely wounded.
You block Grinder's attack. Grinder hits you.
* * * LOW HITPOINT WARNING * * *
You sock Grinder!
Grinder is almost dead.
Grinder gestures at you. Pain shoots through your body!
You die...

# #..#.#......
#.#..........†
#............#
########.#.#######
#....†............
#.###########.####
#!# # # #5# # #@#
#.# #.. ####


You could see Grinder.

Vanquished Creatures
  A centaur skeleton (D:2)
  2 adders (D:2)
  An ooze (D:1)
  3 worms (D:2)
  A dart slug (D:3)
  3 orcs (D:3)
  3 ball pythons
  7 bats
  2 giant cockroaches (D:2)
  8 hobgoblins
  5 jackals (D:3)
  A kobold (D:2)
  5 frilled lizards
  4 goblins
  A jackal zombie (D:2)
  20 rats
67 creatures vanquished.

Notes
Turn   | Place    | Note
-------+----------+-------------------------------------------
     0 | D:1      | Mrkan the Ogre Fighter began the quest for the Orb.
     0 | D:1      | Reached XP level 1. HP: 24/24 MP: 1/1
   103 | D:1      | Reached XP level 2. HP: 29/32 MP: 2/2
   953 | D:2      | Reached XP level 3. HP: 35/40 MP: 3/3
  1088 | D:2      | Found a shadowy altar of Dithmenos.
  1159 | D:2      | Reached XP level 4. HP: 20/49 MP: 4/4
  1578 | D:2      | Reached skill level 5 in Fighting
  1824 | D:3      | Found an opulent altar of Gozag.
  1938 | D:3      | Reached XP level 5. HP: 39/57 MP: 5/5
  2057 | D:3      | Noticed Grinder
  2099 | D:3      | HP: 2/57 [Grinder (5)]
  2101 | D:3      | Killed from afar by Grinder

Skill      XL: |  1  2  3  4  5 |
---------------+----------------+-----
Maces & Flails | 2 3 4 |  4.0
Fighting       | 5 |  5.3
Dodging        | |  2.6
Shields        | |  2.6

Action                   |  1- 3 |  4- 6 || total
-------------------------+-------+-------++-------
Melee: Flail             |   148 |   113 ||   261
  Use: Potion            |       |     1 ||     1
  Eat: Chunk             |     1 |     3 ||     4
Armor: Robe              |    35 |    37 ||    72
Dodge: Dodged            |    50 |    39 ||    89
Block: Shield            |    58 |    56 ||   114
